 Dungeon Crawl Stone Soup version 0.31-a0-232-gb1c03b2570 (webtiles) character file.

Game seed: 2466171904317331315

42 qw the Shooter (level 3, -5/29 HPs)
             Began as a Minotaur Hexslinger on July 7, 2023.
             Slain by Ijyb
             ... wielding a +6 dagger of protection
              (9 damage)
             ... on level 4 of the Dungeon.
             The game lasted 00:00:20 (758 turns).

qw the Shooter (Minotaur Hexslinger)                 Turns: 758, Time: 00:00:21

Health: -5/29      AC:  3    Str: 12    XL:     3   Next: 33%
Magic:  3/3        EV: 12    Int: 10    God:
Gold:   41         SH:  0    Dex: 14    Spells: 3/4 levels left

rFire   . . .        Y - +2 sling
rCold   . . .        (no shield)
rNeg    . . .        c - +0 robe
rPois   .            (helmet restricted)
rElec   .            f - +0 cloak
rCorr   .            (no gloves)
SInv    .            (no boots)
Will    .....        (no amulet)
Stlth   +            (no ring)
HPRegen 0.24/turn    (no ring)
MPRegen 0.08/turn

%: no passive effects
@: no status effects
A: horns 2, retaliatory headbutt
a: no special abilities


You were on level 4 of the Dungeon.
You visited 1 branch of the dungeon, and saw 3 of its levels.

You collected 41 gold pieces.


Innate Abilities, Weirdness & Mutations

You have a pair of horns on your head.
You reflexively headbutt those who attack you in melee.


   Skills:
 - Level 2.1 Fighting
 + Level 3.9 Ranged Weapons
 - Level 2.1 Dodging
 - Level 1.0 Spellcasting
 - Level 2.0 Hexes


You had 3 spell levels left.
You knew the following spells:

 Your Spells              Type           Power      Damage    Failure   Level
a - Slow                  Hex            16%        N/A       16%         1

Your spell library contained the following spells:

 Spells                   Type           Power      Damage    Failure   Level
 Inner Flame              Hex/Fire       2%         N/A       56%         3
 Portal Projectile        Hex/Tloc       4%         N/A       56%         3
 Cause Fear               Hex            2%         N/A       83%         4

Inventory:

Hand Weapons
 Y - a +2 sling (weapon)
Armour
 c - a +0 robe (worn)
 f - a +0 cloak (worn)
Potions
 d - a potion of curing {unknown}
 e - a potion of heal wounds {unknown}
 g - a potion of enlightenment
 j - a potion of brilliance {unknown}
 n - a potion of degeneration {unknown}
 o - a potion of might {unknown}

Dungeon Overview and Level Annotations

Branches:
Dungeon (2/15)

Altars:

Annotations:
D:4 Ijyb


Message History

You shoot a sling bullet. The sling bullet hits Ijyb.
Ijyb shouts!
Ijyb is lightly wounded.
You hear a shout! x2
You shoot a sling bullet.
The sling bullet hits Ijyb but does no damage.
Ijyb is lightly wounded.
A goblin comes into view. It is wielding a +0 club.
Ijyb screams, "Me kill you!"
You shoot a sling bullet. The sling bullet hits the goblin.
The goblin is severely wounded.
The goblin misses you.
A river rat comes into view.
You shoot a sling bullet.
The sling bullet barely misses the goblin.
The goblin barely misses you. You furiously retaliate!
You headbutt the goblin!
You kill the goblin!
You shoot a sling bullet. The sling bullet closely misses Ijyb.
Ijyb hits you with a +6 dagger of protection!
A hobgoblin comes into view.
You shoot a sling bullet.
The sling bullet hits Ijyb but does no damage.
Ijyb is lightly wounded.
Ijyb hits you with a +6 dagger of protection.
You shoot a sling bullet.
The sling bullet completely misses Ijyb.
The hobgoblin misses you.
Ijyb hits you with a +6 dagger of protection!
The hobgoblin misses you.
Ijyb hits you with a +6 dagger of protection.
You shoot a sling bullet.
The sling bullet hits Ijyb but does no damage.
Ijyb is lightly wounded.
The hobgoblin hits you.
Ijyb hits you with a +6 dagger of protection.
You shoot a sling bullet. The sling bullet closely misses Ijyb.
The hobgoblin misses you. You furiously retaliate!
You headbutt the hobgoblin.
You kill the hobgoblin!
Ijyb hits you with a +6 dagger of protection!
You die... ~~~~ . ~~~~ ## ~. ... .. #.##.. .# ..... .# .wr

.# #)#.####.#
#.@g......
#...####.#
#...# #...#
##..#
##+####..####.#
..............#
###:###..####.#
#..#


You could see Ijyb, a worm and a river rat.

Vanquished Creatures
  An adder (D:2)
  2 dart slugs
  2 bats (D:1)
  3 endoplasms
  2 giant cockroaches (D:1)
  A hobgoblin (D:4)
  3 kobolds (D:1)
  2 quokkas (D:1)
  2 ball pythons (D:1)
  3 frilled lizards
  5 goblins
  3 rats (D:1)
29 creatures vanquished.

Notes
Turn   | Place    | Note
-------+----------+-------------------------------------------
     0 | D:1      | qw the Minotaur Hexslinger began the quest for the Orb.
     0 | D:1      | Reached XP level 1. HP: 16/16 MP: 1/1
     0 | D:1      | 0 ||| qw: Version: 0.3-a-46-gb1f654a
     0 | D:1      | 0 ||| qw: Game counter: 2245
     0 | D:1      | 0 ||| qw: Melee chars always use a shield: true
     0 | D:1      | 0 ||| qw: God list: Okawaru
     0 | D:1      | 0 ||| qw: Allow faded altars: false
     0 | D:1      | 0 ||| qw: Do Orc after clearing Dungeon:15 true
     0 | D:1      | 0 ||| qw: Do second Lair branch before Depths: true
     0 | D:1      | 0 ||| qw: Lair rune preference: random
     0 | D:1      | 0 ||| qw: Goals: Normal
     0 | D:1      | 0 ||| PLANNING D:1-11
    92 | D:1      | Reached skill level 3 in Ranged Weapons
    99 | D:1      | Reached XP level 2. HP: 23/23 MP: 2/2
   452 | D:1      | 452 ||| UPGRADING to +0 cloak.
   457 | D:1      | 457 ||| READING scroll labelled MAFIUSOHIUC.
   458 | D:1      | 458 ||| READING scroll labelled POEMEOL PIGU.
   459 | D:1      | 459 ||| READING scroll labelled KEIHAFF NYUPH.
   460 | D:1      | 460 ||| READING scroll labelled HIC ULOIPHAF.
   464 | D:1      | 464 ||| READING scroll labelled SIACOGEGGIMM.
   465 | D:1      | 465 ||| DRINKING 2 bubbling amethyst potions.
   466 | D:1      | 466 ||| DROPPING scroll of poison.
   636 | D:2      | Reached XP level 3. HP: 29/29 MP: 3/3
   740 | D:2      | You fall into a shaft and drop 2 floors!
   741 | D:4      | 741 ||| PLANNING SEWER
   749 | D:4      | Noticed Ijyb
   756 | D:4      | HP: 6/29 [Ijyb/+6 dagger of protection (4)]
   758 | D:4      | Slain by Ijyb

Levels and vault maps discovered:
D:1:      scummos_arrival_simple_crosswalls, layout_basic
D:2:      layout_basic, serial_aquarium, aquarium_bridge_straight
          [aquarium_subvault_bridge, aquarium_subvault_balcony,
          aquarium_subvault_bridge, aquarium_subvault_balcony],
          aquarium_bridge_long_separate [aquarium_subvault_bridge,
          aquarium_subvault_window, aquarium_subvault_window,
          aquarium_subvault_bridge, aquarium_subvault_balcony,
          aquarium_subvault_wall], aquarium_window_2, aquarium_window_1,
          aquarium_view_2c, aquarium_pool_1, kennysheep_minor_cross,
          chequers_serial_rivers_small_b
D:4:      layout_basic, minitemple, cheibrodos_sewer_entry_sluice, uniq_sigmund,
          uniq_pikel, uniq_ijyb, uniq_duvessa, uniq_grinder

Skill      XL: |  1  2 |
---------------+-------+-----
Ranged Weapons | 3 |  3.9
Fighting       | 2 |  2.1
Dodging        | |  2.1
Spellcasting   | |  1.0
Hexes          | |  2.0

Action                     || total
---------------------------++-------
   Fire: Sling             ||    72
    Use: Scroll            ||     5
         Potion            ||     1
 Armour: Robe              ||     4
  Dodge: Dodged            ||    16

Table legend:
 A = Non-vault XP
 B = Vault XP
 C = Vault XP percentage of total XP
 D = Non-vault monster count
 E = Vault monster count
 F = Vault count percentage of total count
                 A         B        C        D         E       F
            +---------+---------+-------+---------+---------+-------
      Total |      62 |       0 |   0.0 |      29 |       0 |   0.0
            +---------+---------+-------+---------+---------+-------
        D:1 |      35 |       0 |   0.0 |      21 |       0 |   0.0
        D:2 |      21 |       0 |   0.0 |       5 |       0 |   0.0
        D:4 |       6 |       0 |   0.0 |       3 |       0 |   0.0
            +---------+---------+-------+---------+---------+-------
